 Dungeon Crawl Stone Soup version 0.31.0-11-ge490571c62 (webtiles) character file.

Game seed: 16030990072554812304

56 Gadfly the Ruffian (level 3, -7/26 HPs)
             Began as a Demonspawn Shapeshifter on Jan 27, 2024.
             Mangled by a ribbon worm (8 damage)
             ... on level 1 of the Dungeon.
             The game lasted 00:01:14 (1167 turns).

Gadfly the Ruffian (Demonspawn Shapeshifter)        Turns: 1167, Time: 00:01:15

Health: -7/26      AC:  2    Str: 16    XL:     3   Next: 69%
Magic:  3/3        EV: 14    Int: 10    God:
Gold:   82         SH:  0    Dex: 12    Spells: 2/2 levels left

rFire   . .          .
                       - Unarmed
rCold   . . .        (no shield)
rNeg    . . .        a - +0 animal skin
rPois   .            (helmet currently unavailable)
rElec   .            (cloak currently unavailable)
rCorr   .            (gloves currently unavailable)
SInv    .            (boots currently unavailable)
Will    .....        (no amulet)
Stlth   +            (no ring)
HPRegen 0.24/turn    (no ring)
MPRegen 0.08/turn

%: no passive effects
@: lethally poisoned (-7 -> -8), beast-form
A: beast (slay +1), hooves 1, repulsion field 1
a: Begin Untransformation


You were on level 1 of the Dungeon.
You were a hulking beast.
You visited 1 branch of the dungeon, and saw 2 of its levels.

You collected 82 gold pieces.

Inventory:

Hand Weapons
 b - a +2 heavy flail
Armour
 a - a +0 animal skin (worn)
Jewellery
 i - a +6 ring of strength
Talismans
 c - a beast talisman
 d - a flux talisman
Scrolls
 l - 2 scrolls of identify
Potions
 e - a potion of lignification
 k - 2 potions of heal wounds


   Skills:
 + Level 1.5 Fighting
 * Level 2.4 Dodging
 + Level 3.0 Unarmed Combat
 * Level 1.5 Evocations
 + Level 2.9 Shapeshifting


You had 2 spell levels left.
You didn't know any spells.
Your spell library contained the following spells:

 Spells                   Type           Power      Damage    Failure   Level
 Foxfire                  Conj/Fire      0%         2x1d4     36%         1
 Sting                    Conj/Alch      0%         1d3       36%         1
 Mercury Vapours          Alch/Air       0%         N/A       50%         2
 Olgreb's Toxic Radiance  Alch           0%         N/A       98%         4
 Plasma Beam              Fire/Air       0%         2x1d10    100%        6
 Starburst                Conj/Fire      0%         6d3       100%        6


Dungeon Overview and Level Annotations

Branches:
Dungeon (2/15)

Altars:


Innate Abilities, Weirdness & Mutations

You are a hulking beast.
Your limbs bulge with bestial killing power. (Slay +1)
You have large cloven feet.
You are surrounded by a mild repulsion field. (EV +2)


Message History

You barely miss the adder. You kick the adder.
The adder is heavily wounded.
The adder bites you but does no damage. The rat misses you.
The adder bites you.
You are poisoned.
The adder poisons you! The rat bites you.
You miss the adder. You kick the adder.
The adder is almost dead.
You feel sick. The adder barely misses you. The ribbon worm barely misses you.
You are too injured to fight recklessly!
You are too injured to fight recklessly!
You are too injured to fight recklessly!
You are too injured to fight recklessly!
You are too injured to fight recklessly!
You are too injured to fight recklessly!
You are too injured to fight recklessly!
You are too injured to fight recklessly!
You are too injured to fight recklessly!
You are too injured to fight recklessly!
You are too injured to fight recklessly!
You are too injured to fight recklessly!
You are too injured to fight recklessly!
You are too injured to fight recklessly!
You feel sick. The rat misses you. The rat bites you.
The adder closely misses you.
The ribbon worm expels a string of sticky webbing.
The stream of webbing misses you.
You climb upwards.
You feel sick.
There is a stone staircase leading down here.
You hit the adder.
You kill the adder!
You feel sick. The rat bites you.
* * * LOW HITPOINT WARNING * * *
Unknown command.
You hit the rat.
You kill the rat!
You feel sick. The rat bites you.
* * * LOW HITPOINT WARNING * * *
The ribbon worm bites you!
You die...

#.....# #####...# #.
#####.# #.......### #.
#.# #.#.......#######.
#.# #.#...............
#.####.#.......########
#............###
######.###...# #)# ##..#
#h####..# #wr.....#
#######.# #.# #b#
#########.# #
#.......#b##########
#.#####.............
######.#...#.b..#########


You could see a ribbon worm (catching breath) and a rat.

Vanquished Creatures
  An adder (D:1)
  A gnoll (D:1)
  A dart slug (D:1)
  A ball python (D:1)
  5 bats (D:1)
  5 endoplasms (D:1)
  2 giant cockroaches (D:1)
  A goblin (D:1)
  6 hobgoblins
  A kobold (D:1)
  2 quokkas (D:1)
  3 frilled lizards (D:1)
  4 rats (D:1)
33 creatures vanquished.

Notes
Turn   | Place    | Note
-------+----------+-------------------------------------------
     0 | D:1      | Gadfly the Demonspawn Shapeshifter began the quest for the
                  | Orb.
     0 | D:1      | Reached XP level 1. HP: 15/15 MP: 1/1
    50 | D:1      | Gained mutation: You have large cloven feet. [demonic
                  | ancestry]
    50 | D:1      | Reached XP level 2. HP: 5/21 MP: 2/2
   224 | D:1      | Reached skill level 1 in Evocations
   649 | D:1      | Gained mutation: You are surrounded by a mild repulsion
                  | field. (EV +2) [demonic ancestry]
   649 | D:1      | Reached XP level 3. HP: 26/26 MP: 3/3
   885 | D:1      | Found a faded altar of an unknown god.
   885 | D:1      | Noticed a hell beast
  1134 | D:1      | Reached skill level 3 in Unarmed Combat
  1167 | D:1      | HP: 1/26 [rat (2)]
  1167 | D:1      | Mangled by a ribbon worm

Illustrated notes

Levels and vault maps discovered:
D:1:      lemuel_arrival_cross, layout_loops_corners,
          dreamdust_ecumenical_altar_sealed_demon, minmay_misc_feat_pillars,
          chequers_serial_rivers_large_a
D:2:      layout_rooms

Skill      XL: |  1  2  3 |
---------------+----------+-----
Dodging        | 2 |  2.4
Evocations     | 1 |  1.5
Unarmed Combat | 3 |  3.0
Fighting       | |  1.5
Shapeshifting  | |  2.9

Action                     || total
---------------------------++-------
  Melee: Unarmed           ||    89
         Kick              ||    10
    Use: Scroll            ||     5
   Stab: Distracted        ||     2
 Armour: Animal skin       ||    52
  Dodge: Dodged            ||    79
